 Dungeon Crawl Stone Soup version 0.22-a0-422-g9628fc8 (webtiles) character file.

772 Gorglomux the Skirmisher (level 7, -2/63 HPs)
             Began as a Minotaur Fighter on May 20, 2018.
             Was a Believer of Dithmenos.
             Killed by divine providence
             ... invoked by an orc priest
              (14 damage)
             ... on level 5 of the Dungeon.
             The game lasted 00:01:43 (1678 turns).

Gorglomux the Skirmisher (Minotaur Fighter)         Turns: 1678, Time: 00:01:44

Health: -2/63      AC:  8    Str: 22    XL:     7   Next: 53%
Magic:  6/6        EV:  8    Int:  5    God:    Dithmenos [**....]
Gold:   134        SH: 10    Dex: 10    Spells: 6/6 levels left

rFire    + . .     SeeInvis .   a - +0 war axe
rCold    . . .     Gourm    .   c - +0 shield
rNeg     . . .     Faith    .   b - +0 scale mail
rPois    .         Spirit   .   (helmet restricted)
rElec    .         Reflect  .   l - +0 cloak
rCorr    .         Harm     .   (no gloves)
MR       .....                  (no boots)
Stlth    +.........             (no amulet)
HPRegen  0.20/turn              f - ring of protection from fire
MPRegen  0.10/turn              x - ring of stealth

@: wreathed by umbra
A: retaliatory headbutt, horns 2
a: Shadow Step, Renounce Religion


You were on level 5 of the Dungeon.
You worshipped Dithmenos.
Dithmenos was pleased with you.
You were not hungry.

You visited 1 branch of the dungeon, and saw 5 of its levels.

You collected 134 gold pieces.

Inventory:

Hand Weapons
 a - a +0 war axe (weapon)
Armour
 b - a +0 scale mail (worn)
 c - a +0 shield (worn)
 l - a +0 cloak (worn)
Jewellery
 f - a ring of protection from fire (left hand)
 x - a ring of stealth (right hand)
Wands
 D - a wand of digging (9)
Scrolls
 h - 4 scrolls of identify {unknown}
 j - a scroll of enchant armour {unknown}
 k - a scroll of enchant weapon {unknown}
 o - a scroll of fear {unknown}
 p - a scroll of fog {unknown}
 G - a scroll of immolation {unknown}
 I - a scroll of remove curse {unknown}
Potions
 d - a potion of might
 m - a potion of heal wounds {unknown}
 q - a potion of mutation {unknown}
 F - a potion of haste {unknown}
Comestibles
 i - 5 rations
 E - 5 chunks of flesh


   Skills:
 + Level 6.2 Fighting
 + Level 5.5 Axes
 + Level 6.1 Armour
 + Level 6.2 Shields


You had 6 spell levels left.
You didn't know any spells.
Your spell library was empty.

Dungeon Overview and Level Annotations

Branches:
Dungeon (5/15)
 Temple: D:4-7

Altars:
Dithmenos


Innate Abilities, Weirdness & Mutations

You reflexively headbutt those who attack you in melee.
You have a pair of horns on your head.


Message History

The orc wizard casts a spell!
The orc wizard blinks!!!
The orc butt moves out of view!
An orc comes into view! It is wielding a flail!
The orc shouts!!!
You swing at nothing!
You closely miss the orc! The orc barely misses you! You furiously retaliate!!!
You headbutt the orc!!!
You annihilate the orc!!!
Dithmenos roars: ANNIHILATED!
An orc comes into view! It is wielding a flail!
An orc priest comes into view! It is wielding a dagger!
You swing at nothing!
The orc shouts!!!
The orc priest shouts!!!
The orc priest invokes the aid of Beogh against you!
Pain shoots through your body!!! * * * don'butt die
* * * You swing at nothing!
The orc priest calls down the wrath of Beogh upon you!
Beogh smites you!!! rip

>..≈≈≈≈ ...#≈ #...# ##
#...######...###...
#o...o.##.........
#######.o###..........#
.....................#
..........(.o..#..#..#
.#..###........#.)...###
.............)@..†.......
######.........#%.#......
##................#
#...........#....##
#......((...#>.....
#....((.....#......
#..).........(...#
#########..<.....#
#........#


You could see an orc priest, an orc wizard and 2 orcs.

Vanquished Creatures
  The ghost of CLM the Ruffian, an amateur VSTm (D:5)
  An ice beast (D:5)
  A centaur (D:5)
  3 scorpions
  A bullfrog zombie (D:3)
  A hound (D:4)
  2 iguanas (D:4)
  2 worker ants
  A howler monkey zombie (D:5)
  4 adders
  A shadow imp (D:3)
  2 adder skeletons
  2 worms (D:4)
  A dart slug (D:2)
  4 leopard geckos
  13 orcs
  3 bats
  2 giant cockroaches (D:1)
  9 goblins
  2 hobgoblins
  2 jackals (D:3)
  4 ball pythons
  2 frilled lizards
  A giant cockroach zombie (D:5)
  5 kobolds
  2 leopard gecko skeletons
  5 rats
77 creatures vanquished.

Notes
Turn   | Place    | Note
-------+----------+-------------------------------------------
     0 | D:1      | Gorglomux the Minotaur Fighter began the quest for the Orb.
     0 | D:1      | Reached XP level 1. HP: 19/19 MP: 0/0
    69 | D:1      | Reached XP level 2. HP: 27/27 MP: 1/1
   200 | D:2      | Reached skill level 3 in Axes
   200 | D:2      | Reached XP level 3. HP: 24/33 MP: 2/2
   343 | D:3      | Reached XP level 4. HP: 29/41 MP: 3/3
   591 | D:3      | Found a faded altar of an unknown god.
   614 | D:3      | Became a worshipper of Dithmenos the Shadowed
   614 | D:3      | Reached * piety under Dithmenos
   855 | D:3      | Reached XP level 5. HP: 45/47 MP: 4/4
  1100 | D:4      | Reached XP level 6. HP: 24/56 MP: 5/5
  1430 | D:4      | Reached ** piety under Dithmenos
  1553 | D:5      | Entered Level 5 of the Dungeon
  1559 | D:5      | Noticed CLM's ghost (amateur VSTm)
  1580 | D:5      | Noticed an ice beast
  1586 | D:5      | Killed an ice beast
  1586 | D:5      | Reached XP level 7. HP: 51/62 MP: 6/6
  1603 | D:5      | Killed CLM's ghost
  1603 | D:5      | Reached skill level 6 in Fighting
  1603 | D:5      | Reached skill level 6 in Armour
  1603 | D:5      | Reached skill level 6 in Shields
  1678 | D:5      | Killed from afar by an orc priest

Vault maps used:
D:1:      tarquinn_simple_flora_water_d, corexii_leaking_fountain
D:2:      okawaru_gym_becter, guppyfry_early_orc_mine
D:3:      chequers_ecumenical_altar_island, goddamned_bats
D:4:      corexii_item_surrounded_by_moat, nicolae_ru_awakened_eye
D:5:      cheibrodos_thug_alley, minmay_temple_entry_glassed_door, first_ration,
          serial_shops, shop, uniq_duvessa, uniq_grinder

Skill      XL: |  1  2  3  4  5  6  7 |
---------------+----------------------+-----
Fighting       | 4 5 6 |  6.2
Shields        | 4 5 6 |  6.2
Axes           | 3 4 5 |  5.5
Armour         | 4 5 6 |  6.1

Action                   |  1- 3 |  4- 6 |  7- 9 || total
-------------------------+-------+-------+-------++-------
Melee: War axe           |    48 |   123 |    19 ||   190
       Headbutt          |    10 |    24 |     6 ||    40
  Eat: Chunk             |       |     3 |       ||     3
Armor: Scale mail        |    16 |    47 |     8 ||    71
Dodge: Dodged            |    14 |    39 |     7 ||    60
Block: Shield            |    19 |    81 |    12 ||   112

Table legend:
 A = Spawn XP
 B = Non-spawn XP
 C = Spawn XP percentage of total XP
 D = Spawn monster count
 E = Non-spawn monster count
 F = Spawn count percentage of total count
 G = Total turns spent on level
                    A         B        C        D         E        F      G
               +---------+---------+-------+---------+---------+-------+---------
         Total |       0 |    1103 |   0.0 |       0 |      77 |   0.0 |  1678
               +---------+---------+-------+---------+---------+-------+---------
           D:1 |       0 |      28 |   0.0 |       0 |      17 |   0.0 |   186
           D:2 |       0 |      22 |   0.0 |       0 |       5 |   0.0 |   149
           D:3 |       0 |     147 |   0.0 |       0 |      25 |   0.0 |   537
           D:4 |       0 |     322 |   0.0 |       0 |      19 |   0.0 |   681
           D:5 |       0 |     584 |   0.0 |       0 |      11 |   0.0 |   125
               +---------+---------+-------+---------+---------+-------+---------
